 Dungeon Crawl Stone Soup version 0.25-a0-663-gace7076f2c (webtiles) character file.

Game seed: 6385788862335732065, levelgen mode: deterministic

26440 MisterFreud the Spry (level 12, -14/58 HPs)
             Began as a Felid Abyssal Knight on Mar 24, 2020.
             Was a High Priest of Lugonu.
             Demolished by a spriggan rider
             ... wielding a +0 spear
              (25 damage)
             ... on level 15 of the Dungeon on Mar 25, 2020.
             The game lasted 03:18:16 (47182 turns).

MisterFreud the Spry (Felid Abyssal Knight)        Turns: 47182, Time: 03:18:16

Health: -14/58     AC:  3    Str: 13    XL:     12   Next: 98%
Magic:  25/25      EV: 31    Int: 16    God:    Lugonu [*****.]
Gold:   814        SH:  0    Dex: 18    Spells: 11/27 levels left
                                        Lives:  0   Deaths: 4

rFire    . . .     SeeInvis +     - Unarmed
rCold    + . .     Gourm    .   (shield unavailable)
rNeg     . . .     Faith    .   (armour unavailable)
rPois    .         Spirit   .   (helmet unavailable)
rElec    .         Reflect  .   (cloak unavailable)
rCorr    .         Harm     .   (gloves unavailable)
MR       ++...                  (boots unavailable)
Stlth    +++++.....             x - amulet of the acrobat
HPRegen  0.19/turn              N - +5 ring of strength
MPRegen  0.19/turn              L - ring of protection from magic

@: quick
A: very small, no armour, no weapons or thrown items, stealth, claws 1, fangs 3,
see invisible, carnivore, speed 1, shaggy fur 3, slow metabolism 1, subdued
magic 1, sharp paws
a: Depart the Abyss, Bend Space, Banish, Corrupt, Enter the Abyss, Renounce
Religion


You were on level 15 of the Dungeon.
You worshipped Lugonu.
Lugonu was extremely pleased with you.
You were not hungry.

You visited 3 branches of the dungeon, and saw 22 of its levels.
You visited the Abyss 1 time.
You also visited: Bailey.

You collected 1704 gold pieces.
You spent 890 gold pieces at shops.

Inventory:

Jewellery
 g - a +2 amulet of reflection
 k - an uncursed amulet of regeneration
 x - an amulet of the acrobat (around neck)
 y - an uncursed ring of positive energy
 B - an uncursed ring of ice
 L - a ring of protection from magic (right paw)
 N - a +5 ring of strength (left paw)
 O - an uncursed amulet of magic regeneration {unknown}
 S - a +1 ring of evasion
 U - an uncursed ring of stealth
 V - an uncursed amulet of guardian spirit {unknown}
Wands
 i - a wand of paralysis (3)
 r - a wand of enslavement (6)
 w - a wand of acid (4)
 A - a wand of iceblast (6)
 G - a wand of polymorph (3)
 J - a wand of digging (7)
 K - a wand of disintegration (10)
 M - a wand of clouds (1)
 P - a wand of flame (15)
 X - a wand of random effects (12)
Scrolls
 b - 9 scrolls of remove curse
 d - a scroll of holy word
 e - 5 scrolls of teleportation
 j - 3 scrolls of magic mapping
 s - 3 scrolls of immolation
 t - a scroll of fog
 v - a scroll of silence {unknown}
 z - a scroll of summoning {unknown}
 C - a scroll of amnesia {unknown}
 H - a scroll of blinking {unknown}
 I - a scroll of random uselessness {unknown}
 Y - a scroll of fear
Potions
 c - 4 potions of berserk rage
 f - 3 potions of flight
 h - 2 potions of ambrosia {unknown}
 l - 2 potions of invisibility {unknown}
 m - a potion of magic {unknown}
 n - 6 potions of stabbing
 o - 3 potions of haste
 p - a potion of degeneration {unknown}
 q - 2 potions of brilliance
 u - 2 potions of mutation
 D - 6 potions of curing
 E - 2 potions of lignification {unknown}
 F - 2 potions of might
 Q - a potion of cancellation {unknown}
 T - 3 potions of heal wounds
Miscellaneous
 R - a fan of gales
Comestibles
 a - 32 rations


   Skills:
 + Level 9.7 Fighting
 - Level 15.0 Dodging
 - Level 10.0 Stealth
 + Level 9.6 Unarmed Combat
 - Level 8.0 Spellcasting
 - Level 14.0 Hexes
 - Level 6.0 Summonings
 - Level 8.0 Invocations
 - Level 10.0 Evocations


You had 11 spell levels left.
You knew the following spells:

 Your Spells              Type           Power        Failure   Level  Hunger
a - Summon Mana Viper     Hex/Summ       ####....     3%          5    #####..
b - Tukima's Dance        Hex            #####...     1%          3    ##.....
c - Invisibility          Hex            #####...     4%          6    #######
d - Corona                Hex            #####..      1%          1    None
e - Apportation           Tloc           #.....       9%          1    None

Your spell library contained the following spells:

 Spells                   Type           Power        Failure   Level  Hunger
 Summon Butterflies       Summ           ###.....     1%          1    None
 Summon Small Mammal      Summ           ###.         1%          1    None
 Call Canine Familiar     Summ           ###.....     1%          3    ##.....
 Animate Skeleton         Necr           N/A          9%          1    None
 Shock                    Conj/Air       #...         9%          1    None
 Swiftness                Chrm/Air       #.......     14%         2    None
 Metabolic Englaciation   Hex/Ice        ###.......   14%         5    #####..
 Lesser Beckoning         Tloc           #.........   28%         3    ##.....
 Static Discharge         Conj/Air       #.......     28%         3    ##.....
 Summon Ice Beast         Ice/Summ       ##......     28%         4    ####...
 Airstrike                Air            #.........   69%         4    ####...
 Ice Form                 Ice/Tmut       #.......     69%         4    ####...
 Alistair's Intoxication  Tmut/Pois      #.......     96%         5    #####..
 Bolt of Magma            Conj/Fire/Erth #.........   96%         5    #####..
 Iskenderun's Battlesphe  Conj/Chrm      #.......     96%         5    #####..
 Lightning Bolt           Conj/Air       #.........   96%         5    #####..
 Freezing Cloud           Conj/Ice/Air   #.........   100%        6    #######
 Iron Shot                Conj/Erth      #.........   100%        6    #######
 Ozocubu's Refrigeration  Ice            #.........   100%        6    #######
 Simulacrum               Ice/Necr       #.........   100%        6    #######
 Orb of Destruction       Conj           #.........   100%        7    #######
 Spellforged Servitor     Conj/Summ      ##........   100%        7    #######
 Summon Hydra             Summ           ###.......   100%        7    #######


Dungeon Overview and Level Annotations

Branches:
Dungeon (15/15)            Temple (0/1) D:6            Lair (6/6) D:10
  Swamp (0/4) Lair:4       Spider (0/4) Lair:3        Slime (0/5) Lair:5
    Orc (1/2) D:11         Vaults (0/5) D:14         Bailey (visited)
 Depths: D:15

Altars:
Ashenzari
Elyvilon
Kikubaaqudgha
Makhleb
Nemelex Xobeh
Okawaru
Ru
Uskayaw
Vehumet
Wu Jian
Jiyva

Shops:
D:11 *=   D:15 !}

Annotations:
D:4 gnoll horde + ogre
D:6 Prince Ribbit
Lair:3 1 runed translucent door, exclusion: 2 oklob plants, VincentAMV's ghost, journeyman GrFi
Lair:5 exclusion: oklob plant
Lair:6 dire elephant vault, exclusion: oklob plant
Abyss:1 Duvessa, Gastronok


Innate Abilities, Weirdness & Mutations

You cannot wear armour.
You are incapable of wielding weapons or throwing items.
Your paws allow you to move quietly. (Stealth)
You have sharp claws.
You have razor-sharp teeth.
You have supernaturally acute eyesight. (SInv)
You are carnivorous and can eat meat at any time.
You cover ground quickly.
Your thick and shaggy fur keeps you warm. (AC +3, rC+)
You have a slow metabolism.
Your sharp claws are effective at attacking unaware monsters.
Your spells are a little easier to cast, but a little less powerful.


Message History

You eat one of the 33 rations.
That ration really hit the spot!
There is a stone staircase leading down here.
You climb downwards.
The spriggan rider hits you from afar with a +0 spear!
There is a stone staircase leading up here.
The spriggan rider misses you.
You miss the spriggan rider. You claw the spriggan rider!
The spriggan rider is lightly wounded.
You miss the spriggan rider.
The spriggan rider is lightly wounded.
The spriggan rider hits you with a +0 spear!!
* * * LOW HITPOINT WARNING * * *
You closely miss the spriggan rider. Your bite misses the spriggan rider.
The spriggan rider is lightly wounded.
The spriggan rider hits you with a +0 spear.
* * * LOW HITPOINT WARNING * * *
You closely miss the spriggan rider.
The spriggan rider is lightly wounded.
The spriggan rider hits you with a +0 spear!!
You die...

##.....#.#...#..##
#........#i.S####
#.........i..#
+.........).##
##..........###
#+#......#....'.##
#.......#.....#.[##
+..........#'##.i.#
#....#.....#...<@.#
....#......##...<##
...#.≈≈....###..##
..#.≈≈≈..### ####
....≈≈≈.###
..........##
#.....#....#
.....##....#
...#####..##


You could see a spriggan rider.

Vanquished Creatures
  Nessos (D:15)
  A fire dragon (D:15)
  A great orb of eyes (D:15)
  Josephine (Lair:6)
  A vault guard (D:15)
  Erolcha (D:11)
  A centaur warrior (D:15)
  5 two-headed ogres
  3 death yaks
  An orc high priest (D:10)
  2 unseen horrors (D:12)
  A flayed ghost (D:15)
  A wizard (D:14)
  Pikel (D:8)
  3 orc knights
  A deep elf mage (D:14)
  An orc sorcerer (D:14)
  A manticore (shapeshifter) (D:15)
  5 ugly things
  3 manticores
  5 elephants
  A torpor snail (Lair:5)
  3 black mambas
  2 gargoyles
  6 spiny frogs
  2 kobold demonologists (D:14)
  3 rime drakes
  2 centaur skeletons
  A freezing wraith (D:15)
  3 komodo dragons
  A meliai (D:12)
  2 polar bears
  7 trolls
  2 hornets
  A troll (shapeshifter) (D:14)
  14 blink frogs
  4 bog bodies (Lair:4)
  2 dream sheep (Lair:5)
  4 hippogriffs
  6 slime creatures
  A spriggan (D:15)
  5 basilisks
  3 wraiths
  A wyvern (Lair:1)
  34 yaks
  3 steam dragons
  4 vampire mosquitoes (D:12)
  A warg (D:11)
  2 soldier ants (D:9)
  2 swamp worms (Lair:4)
  9 water moccasins
  2 acid dragons
  8 porcupines
  21 orc warriors
  2 floating eyes (D:15)
  2 ice beasts
  2 eyes of draining
  4 sky beasts
  5 black bears
  7 ogres
  4 boggarts (D:15)
  2 wolves (Lair:5)
  13 centaurs
  13 crocodiles
  2 big kobolds
  A gnoll sergeant (D:8)
  21 bullfrogs
  A wyvern skeleton (D:13)
  Dowan (D:7)
  11 scorpions
  3 killer bees (D:10)
  19 wights
  4 howler monkeys
  An electric eel (Lair:4)
  4 crimson imps
  A gnoll shaman (D:4)
  14 orc priests
  A bullfrog zombie (D:7)
  6 hounds
  4 iguanas
  2 jellies
  9 orc wizards
  4 bullfrog skeletons
  7 hell rats (Lair:4)
  28 worker ants
  A hound skeleton (D:8)
  A worker ant zombie (D:5)
  A howler monkey skeleton (D:5)
  16 adders
  9 gnolls
  3 shadow imps
  An adder skeleton (D:4)
  2 adder zombies
  4 worms
  5 dart slugs
  3 leopard geckos
  63 orcs
  3 giant cockroaches
  12 goblins
  10 hobgoblins
  10 jackals
  24 kobolds
  6 quokkas
  3 ball pythons
  11 bats
  9 frilled lizards
  A giant cockroach zombie (D:5)
  A leopard gecko zombie (D:9)
  2 quokka skeletons (D:6)
  A quokka zombie (D:7)
  7 rats
609 creatures vanquished.

Vanquished Creatures (collateral kills)
  A frost giant (D:15)
  2 ogre magi
  2 two-headed ogres
  An unseen horror (D:15)
  A flayed ghost (D:15)
  3 ugly things (D:14)
  A cyclops (D:15)
  An elephant (Lair:5)
  A komodo dragon (shapeshifter) (D:15)
  A troll (D:13)
  A hornet (D:15)
  A blink frog (Lair:5)
  2 wraiths (Lair:5)
  A wyvern (Lair:5)
  6 orc warriors
  4 ogres
  3 wolves
  4 centaurs (Bailey)
  A crocodile (Lair:5)
  A bullfrog (D:14)
  2 orc priests
  A gnoll (Orc:1)
  8 orcs
49 creatures vanquished.

Vanquished Creatures (others)
  3 hydras
  A queen ant (D:9)
  A manticore (D:11)
  A rime drake (Lair:2)
  A komodo dragon (Lair:1)
  3 meliai
  3 trolls
  A blink frog (Lair:3)
  A meliai zombie (D:13)
  A wyvern (D:10)
  A vampire (D:10)
  A yak (D:14)
  17 dancing weapons
  2 soldier ants (D:9)
  3 slaves
  A sky beast (D:7)
  An ogre (D:4)
  A wight (D:9)
  An orc priest (D:9)
  An orc wizard (D:9)
  2 worker ants (D:9)
  An orc (D:14)
  A quokka (D:6)
  22 fungi
  21 plants
92 creatures vanquished.

Grand Total: 750 creatures vanquished

Notes
Turn   | Place    | Note
-------+----------+-------------------------------------------
     0 | Abyss:1  | MisterFreud the Felid Abyssal Knight began the quest for
                  | the Orb.
     0 | Abyss:1  | Reached XP level 1. HP: 10/10 MP: 3/3
    16 | D:1      | Escaped the Abyss
   277 | D:1      | Reached XP level 2. HP: 14/14 MP: 4/4
   856 | D:1      | Reached ** piety under Lugonu
   953 | D:2      | Reached XP level 3. HP: 15/18 MP: 5/5
  1218 | D:1      | Reached skill level 4 in Dodging
  1379 | D:2      | Found a radiant altar of Vehumet.
  1550 | D:2      | Found an iron altar of Okawaru.
  2123 | D:2      | Reached XP level 4. HP: 22/22 MP: 6/6
  2165 | D:3      | Reached skill level 5 in Dodging
  2355 | D:3      | Reached skill level 6 in Dodging
  2566 | D:3      | Reached skill level 1 in Stealth
  2566 | D:3      | Reached XP level 5. HP: 22/25 MP: 7/7
  2617 | D:3      | Reached *** piety under Lugonu
  3036 | D:3      | Found a shattered altar of Ashenzari.
  3193 | D:5      | Entered Level 5 of the Dungeon
  3371 | D:4      | Gained mutation: You are covered in thick fur. (AC +2)
                  | [Felid growth]
  3371 | D:4      | Reached XP level 6. HP: 28/28 MP: 8/8
  3938 | D:5      | Noticed a sky beast
  3948 | D:5      | Killed a sky beast
  4350 | D:5      | Reached XP level 7. HP: 7/32 MP: 9/9
  4651 | D:5      | Reached skill level 5 in Unarmed Combat
  4745 | D:6      | Reached skill level 5 in Stealth
  4786 | D:6      | Found a sparkling altar of Nemelex Xobeh.
  4845 | D:6      | Reached **** piety under Lugonu
  4936 | D:6      | Noticed Prince Ribbit
  4963 | D:6      | Found a staircase to the Ecumenical Temple.
  5349 | D:6      | Found a white marble altar of Elyvilon.
  5453 | D:6      | Found a hide-covered altar of Uskayaw.
  5484 | D:6      | Reached skill level 5 in Invocations
  5500 | D:6      | Reached XP level 8. HP: 31/36 MP: 11/13
  5641 | D:6      | Reached skill level 1 in Evocations
  6041 | D:7      | Noticed Duvessa
  6046 | D:7      | Noticed Dowan
  6049 | D:7      | Banished Duvessa
  6291 | D:7      | Found a shattered altar of Ashenzari.
  6552 | D:7      | Found an ornate altar of the Wu Jian Council.
  7166 | D:7      | Killed Dowan
  7374 | D:7      | Reached skill level 5 in Evocations
  7600 | D:7      | Found a burning altar of Makhleb.
  8917 | D:8      | Reached XP level 9. HP: 39/39 MP: 15/15
 10012 | D:9      | Noticed Pikel
 10021 | D:8      | Blown up by Pikel
 10022 | D:8      | Reached XP level 8. HP: -3/35 MP: 15/15
 10074 | D:8      | Killed Pikel
 10074 | D:8      | Reached skill level 5 in Fighting
 10123 | D:8      | HP: 1/37 [bullfrog (8)]
 10126 | D:8      | Noticed a two-headed ogre
 10193 | D:8      | Reached skill level 7 in Dodging
 10498 | D:8      | Killed a two-headed ogre
 10498 | D:8      | Reached XP level 9. HP: 42/42 MP: 16/16
 10655 | D:9      | Reached skill level 8 in Dodging
 10678 | D:9      | Noticed a queen ant
 10988 | D:8      | Found a sacrificial altar of Ru.
 11035 | D:9      | Found an ancient bone altar of Kikubaaqudgha.
 11396 | D:8      | Reached skill level 9 in Dodging
 11842 | D:9      | Banished a queen ant
 11861 | D:9      | Reached skill level 10 in Dodging
 11944 | D:9      | Noticed a troll
 12005 | D:9      | Killed a troll
 12203 | D:9      | Reached XP level 10. HP: 46/46 MP: 17/17
 12879 | D:10     | Entered Level 10 of the Dungeon
 12879 | D:10     | Noticed a two-headed ogre
 12959 | D:9      | Found a burning altar of Makhleb.
 13479 | D:10     | Killed a two-headed ogre
 13963 | D:9      | HP: 1/48 [troll (20)]
 14809 | D:10     | Paralysed by an orc wizard for 3 turns
 16045 | D:10     | Found a staircase to the Lair.
 16536 | D:11     | Found a staircase to the Orcish Mines.
 16536 | D:11     | Found Pepsur's Practical Paraphernalia.
 17281 | D:11     | Noticed a two-headed ogre
 17526 | D:11     | Noticed a manticore
 17538 | D:11     | Banished a manticore
 17538 | D:11     | Reached skill level 11 in Dodging
 17727 | D:11     | Noticed a green ugly thing
 17994 | Lair:1   | Entered Level 1 of the Lair of Beasts
 18203 | Lair:1   | Reached XP level 11. HP: 51/51 MP: 18/18
 18543 | Lair:1   | Reached skill level 12 in Dodging
 19467 | D:10     | Reached skill level 13 in Dodging
 20527 | Lair:2   | Noticed Gastronok
 20835 | Lair:2   | Banished Gastronok
 20835 | Lair:2   | Reached skill level 14 in Dodging
 22186 | Lair:3   | Noticed an oklob plant
 22186 | Lair:3   | Noticed an oklob plant
 22301 | Lair:3   | Found a gate leading to a gauntlet.
 22952 | Lair:3   | Found a hole to the Spider Nest.
 23204 | Lair:3   | Found a runed translucent door.
 23204 | Lair:3   | Noticed VincentAMV's ghost (journeyman GrFi)
 23206 | Lair:3   | Noticed a catoblepas
 23708 | Lair:1   | HP: 1/51 [blink frog (15)]
 24289 | Lair:4   | Reached skill level 15 in Dodging
 24993 | Lair:4   | HP: 2/51 [hell rat (16)]
 24994 | Lair:4   | Mangled by a hell rat
 24995 | Lair:4   | Reached XP level 10. HP: -10/48 MP: 17/17
 25125 | Lair:4   | Noticed a death yak
 25129 | Lair:4   | Noticed a death yak
 25133 | Lair:4   | Noticed a death yak
 25213 | Lair:1   | Noticed a seven-headed hydra
 25214 | Lair:1   | Banished a seven-headed hydra
 25214 | Lair:1   | Reached XP level 11. HP: 39/51 MP: 18/18
 25261 | D:11     | Killed a two-headed ogre
 25272 | Orc:1    | Entered Level 1 of the Orcish Mines
 25860 | Orc:1    | Noticed an orc high priest
 26026 | D:11     | Learned a level 5 spell: Summon Mana Viper
 26646 | D:10     | Killed an orc high priest
 26646 | D:10     | Reached skill level 1 in Spellcasting
 26646 | D:10     | Reached skill level 1 in Hexes
 27119 | D:11     | Bought a book of Party Tricks for 700 gold pieces
 27123 | D:11     | Learned a level 3 spell: Tukima's Dance
 27404 | Orc:1    | Noticed an orc knight
 27714 | D:11     | Killed an orc knight
 27973 | D:11     | Killed a green ugly thing
 27996 | D:11     | Found Kuruuc's Jewellery Shop.
 28013 | D:11     | Noticed Erolcha
 28025 | D:11     | Killed Erolcha
 28822 | D:12     | Noticed an unseen horror
 28856 | D:12     | Killed an unseen horror
 28856 | D:12     | Reached skill level 5 in Hexes
 28981 | D:12     | Noticed a green ugly thing
 29024 | D:11     | Killed a green ugly thing
 29366 | D:12     | Learned a level 6 spell: Invisibility
 30251 | D:12     | Learned a level 1 spell: Corona
 30265 | D:12     | Noticed an unseen horror
 30321 | D:12     | Killed an unseen horror
 30321 | D:12     | Gained mutation: Your thick and shaggy fur keeps you warm.
                  | (AC +3, rC+) [Felid growth]
 30321 | D:12     | Reached XP level 12. HP: 23/55 MP: 1/20
 30880 | D:12     | Reached skill level 5 in Spellcasting
 31235 | D:13     | Noticed a two-headed ogre
 32796 | D:13     | Killed a two-headed ogre
 32911 | D:14     | Found a flagged portal.
 32917 | Bailey   | Entered a bailey
 33457 | Bailey   | Reached skill level 10 in Hexes
 34098 | D:14     | Reached ***** piety under Lugonu
 34645 | D:14     | Learned a level 1 spell: Apportation
 37187 | Orc:1    | Noticed a two-headed ogre
 37222 | Orc:1    | Killed a two-headed ogre
 38230 | Lair:3   | Reached XP level 13. HP: 54/58 MP: 17/24
 39718 | Lair:4   | Found a staircase to the Swamp.
 39832 | Lair:4   | Gained mutation: Your spells are a little easier to cast,
                  | but a little less powerful. [mutagenic glow]
 40557 | Lair:5   | Reached skill level 1 in Summonings
 41824 | Lair:5   | Found a viscous altar of Jiyva.
 41825 | Lair:5   | Found a staircase to the Slime Pits.
 42004 | Lair:6   | Entered Level 6 of the Lair of Beasts
 42962 | Lair:6   | Reached skill level 5 in Summonings
 42965 | Lair:6   | Noticed Josephine
 42974 | Lair:6   | Killed Josephine
 42992 | Lair:6   | Slain by a black mamba
 42993 | Lair:6   | Reached XP level 12. HP: -2/55 MP: 25/25
 44514 | Lair:1   | Reached skill level 10 in Evocations
 44671 | D:13     | Reached XP level 13. HP: 18/58 MP: 15/26
 45450 | D:14     | Found a gate to the Vaults.
 45636 | D:15     | Entered Level 15 of the Dungeon
 45708 | D:15     | Found Nuwamoagg's Gadget Emporium.
 45906 | D:15     | Slain by a spiny frog (shapeshifter)
 45907 | D:15     | Reached XP level 12. HP: -1/56 MP: 23/25
 45909 | D:15     | Noticed a vault guard
 45911 | D:15     | Noticed Nessos
 45924 | D:15     | Banished a vault guard
 46132 | D:15     | Killed Nessos
 46145 | D:15     | Found Unkucvu's Distillery.
 46153 | D:15     | Bought a potion of heal wounds for 95 gold pieces
 46153 | D:15     | Bought a potion of heal wounds for 95 gold pieces
 46169 | D:15     | Found the +5 robe of Night {Dark MR+ SInv}
 46169 | D:15     | Noticed a fire dragon
 46171 | D:15     | Reached skill level 10 in Stealth
 46185 | D:15     | Killed a fire dragon
 46453 | D:15     | Noticed a frost giant
 46475 | D:15     | Killed a frost giant
 46479 | D:15     | Noticed a centaur warrior
 46516 | D:15     | Killed a centaur warrior
 46869 | D:15     | HP: 1/58 [spriggan rider/+0 spear (10)]
 47182 | D:15     | Demolished by a spriggan rider

Levels and vault maps discovered:
D:1:      matt_arrival_los_fun, layout_basic, serial_glass, glass_columns_a,
          glass_columns_b, glass_columns_a, glass_columns_a, glass_columns_c,
          kennysheep_small_spiral
D:2:      minmay_spotlight, layout_loops_ring, okawaru_metal_pillars_1_2,
          fiery_altar_vehumet, minmay_misc_feat_tiny, bh_walls_and_bars
D:3:      layout_loops_ring, lemuel_crystal_altar,
          chequers_ecumenical_altar_grove, first_ration
D:4:      cheibrodos_helix_gallery, layout_basic
D:5:      layout_basic
D:6:      kennysheep_kobold_camp, layout_loops_ring,
          eat_drink_and_be_merry_uskayaw, elyvilon_altar_4,
          nemelex_xobeh_ov_fountains_minmay, minmay_temple_entry_butterflies,
          uniq_prince_ribbit1
D:7:      layout_loops_corners, old_standard_altar, basic_altar,
          grunt_ogre_cave, st_stairs_7, chequers_jeans, bloody_makhleb,
          uniq_duvessa
D:8:      layout_basic, nicolae_ru_path_of_blood
D:9:      layout_cave_pools, overflow_temple_1_default, basic_altar,
          minmay_another_anthill, uniq_pikel
D:10:     layout_roguey, grunt_lair_entry_orc_guard_hut
D:11:     layout_cave_pools, serial_shops, shop, nicolae_alphabet_shops,
          uniq_erolcha
D:12:     layout_roguey, serial_glass, glass_columns_a, glass_columns_c,
          fungi_pond_lemuel
D:13:     layout_small_grid
D:14:     layout_loops_corners, david_vaults_2, portal_ice_cave_rime,
          enter_bailey_2
D:15:     hangedman_spin_cycle, uniq_kirke, uniq_nessos
Lair:1:   layout_regular_city
Lair:2:   layout_regular_city, uniq_gastronok
Lair:3:   layout_small_grid, nicolae_spider_entry_non_spiders,
          ebering_ghost_inner_flame, gauntlet_entry_generic,
          minmay_lair_oklob_chamber
Lair:4:   layout_loops_ring, nicolae_swamp_entry_splash_gauntlet
Lair:5:   minmay_lair_oklob_tunnel, layout_regular_city,
          dpeg_slime_entry_enclosed_altar
Lair:6:   due_jungle_book, layout_big_grid, grunt_megastairs_4,
          infiniplex_staircase_pool_2, uniq_josephine
Orc:1:    layout_caves

Skill      XL: |  1  2  3  4  5  6  7  8  9 10 11 12 13 |
---------------+----------------------------------------+-----
Fighting       | 4 6 8 9 |  9.7
Dodging        | 4 6 7 10 11 15 | 15.0
Stealth        | 1 3 4 5 6 8 10 9 | 10.0
Unarmed Combat | 3 4 5 6 8 9 |  9.6
Invocations    | 2 5 7 8 |  8.0
Evocations     | 5 8 9 10 | 10.0
Spellcasting   | 4 7 8 |  8.0
Hexes          | 7 12 14 | 14.0
Summonings     | 6 5 |  6.0

Action                   |  1- 3 |  4- 6 |  7- 9 | 10-12 | 13-15 || total
-------------------------+-------+-------+-------+-------+-------++-------
Melee: Unarmed           |   195 |   235 |   545 |  1891 |   532 ||  3398
       Bite              |    12 |    23 |    58 |   236 |    66 ||   395
       Punch             |       |     3 |    17 |    70 |    21 ||   111
 Cast: Tukima's Dance    |       |       |       |    68 |     7 ||    75
       Corona            |       |       |       |     4 |       ||     4
       Summon Mana Viper |       |       |       |    15 |    19 ||    34
       Invisibility      |       |       |       |     7 |    18 ||    25
Invok: Banish            |       |       |     7 |    26 |     6 ||    39
Evoke: Wand              |       |     3 |    23 |    72 |     4 ||   102
  Use: Scroll            |     3 |     2 |     4 |    13 |     2 ||    24
       Potion            |       |     4 |     2 |     6 |     4 ||    16
 Stab: Sleeping          |     2 |    14 |    17 |    41 |    21 ||    95
       Paralysed         |       |     2 |       |     5 |       ||     7
       Distracted        |       |       |     1 |    14 |     3 ||    18
       Invisible         |       |       |       |     7 |    56 ||    63
  Eat: Chunk             |    10 |     4 |    20 |    85 |    27 ||   146
       Ration            |       |       |       |     1 |       ||     1
Armor: Skin              |     9 |     5 |    12 |    29 |     6 ||    61
Dodge: Dodged            |   186 |   212 |   480 |  1998 |   585 ||  3461
Block: Other             |     1 |       |       |       |       ||     1

Table legend:
 A = Non-vault XP
 B = Vault XP
 C = Vault XP percentage of total XP
 D = Non-vault monster count
 E = Vault monster count
 F = Vault count percentage of total count
                 A         B        C        D         E       F
            +---------+---------+-------+---------+---------+-------
      Total |   65813 |   28493 |  30.2 |     527 |     157 |  23.0
            +---------+---------+-------+---------+---------+-------
        D:1 |      49 |       0 |   0.0 |      27 |       0 |   0.0
        D:2 |      92 |       6 |   6.1 |      25 |       4 |  13.8
        D:3 |     147 |       0 |   0.0 |      26 |       0 |   0.0
        D:4 |     224 |      78 |  25.8 |      13 |       2 |  13.3
        D:5 |     499 |       0 |   0.0 |      16 |       0 |   0.0
        D:6 |     746 |     119 |  13.8 |      22 |      15 |  40.5
        D:7 |     569 |     272 |  32.3 |      17 |       3 |  15.0
        D:8 |    2001 |     785 |  28.2 |      25 |       5 |  16.7
        D:9 |    1475 |    1420 |  49.1 |      18 |      20 |  52.6
       D:10 |    5260 |     510 |   8.8 |      45 |       5 |  10.0
       D:11 |    4958 |     980 |  16.5 |      36 |       1 |   2.7
       D:12 |    5930 |       0 |   0.0 |      40 |       0 |   0.0
       D:13 |    5461 |       0 |   0.0 |      30 |       0 |   0.0
       D:14 |    7104 |    3044 |  30.0 |      29 |       5 |  14.7
       D:15 |     173 |   14030 |  98.8 |       1 |      33 |  97.1
     Lair:1 |    3656 |       0 |   0.0 |      19 |       0 |   0.0
     Lair:2 |    2100 |    1128 |  34.9 |      11 |       1 |   8.3
     Lair:3 |    3799 |     533 |  12.3 |      16 |       8 |  33.3
     Lair:4 |    6717 |    1330 |  16.5 |      31 |       7 |  18.4
     Lair:5 |    8539 |    1262 |  12.9 |      36 |       7 |  16.3
     Lair:6 |    3056 |    1168 |  27.7 |      11 |       2 |  15.4
      Orc:1 |    3258 |       0 |   0.0 |      33 |       0 |   0.0
     Bailey |       0 |    1828 | 100.0 |       0 |      39 | 100.0
            +---------+---------+-------+---------+---------+-------
